 Dungeon Crawl Stone Soup version 0.19-a0-1895-g783e625 (console) character file.

10148 ChaseSP the Impaler (level 11, -1/81 HPs)
             Began as a Merfolk Gladiator on Oct 18, 2016.
             Was an Elder of Okawaru.
             Slain by a wolf (2 damage)
             ... on level 3 of the Lair of Beasts.
             The game lasted 00:30:19 (12102 turns).

ChaseSP the Impaler (Merfolk Gladiator)            Turns: 12102, Time: 00:30:19

Health: -1/81      AC: 17    Str: 16    XL:     11   Next: 57%
Magic:  11/11      EV: 12    Int:  7    God:    Okawaru [****..]
Gold:   461        SH:  0    Dex: 18    Spells: 0 memorised, 10 levels left

rFire  . . .     SeeInvis .     b - +0 halberd
rCold  . . .     Gourm    +     E - +0 plate armour
rNeg   . . .     Faith    .     (shield currently unavailable)
rPois  .         Spirit   .     c - +1 helmet
rElec  .         Reflect  .     (no cloak)
rCorr  .         Harm     .     L - +0 pair of gloves (curse)
MR     +....                    (no boots)
Stlth  ..........               A - amulet of the gourmand
                                z - ring of protection from magic
                                x - +2 ring of evasion

@: lethally poisoned (-1 -> -60)
A: change form in water, swift swim, stealthy swim
a: Heroism, Renounce Religion


You were on level 3 of the Lair of Beasts.
You worshipped Okawaru.
Okawaru was greatly pleased with you.
You were very full.

You visited 3 branches of the dungeon, and saw 15 of its levels.

You collected 461 gold pieces.

Inventory:

Hand Weapons
 a - a +3 trident
 b - a +0 halberd (weapon)
Missiles
 d - 4 throwing nets (quivered)
Armour
 c - a +1 helmet (worn)
 D - the +2 leather armour "Jisan" {rPois rF- MR++ Dex+2}
   (You found it on level 5 of the Dungeon)

   It affects your dexterity (+2).
   It makes you vulnerable to fire.
   It protects you from poison.
   It affects your resistance to hostile enchantments.
 E - a +0 plate armour (worn)
 L - a cursed +0 pair of gloves (worn)
Jewellery
 q - an uncursed ring of protection from cold
 r - an uncursed amulet of faith
 t - an uncursed ring of positive energy
 x - a +2 ring of evasion (left hand)
 z - a ring of protection from magic (right hand)
 A - an amulet of the gourmand (around neck)
 T - a cursed amulet of inaccuracy {unknown}
Wands
 g - a wand of polymorph (6/24)
 H - a wand of acid (6/15)
 M - a wand of iceblast (12/15)
 Q - a wand of iceblast (7/15)
Scrolls
 l - a scroll of enchant armour
 u - a scroll of enchant weapon
 w - 2 scrolls of teleportation
 y - a scroll of fog {unknown}
 F - 2 scrolls of remove curse
 G - 2 scrolls of recharging
 N - a scroll of immolation {unknown}
 O - a scroll of identify
 R - a scroll of vulnerability {unknown}
Potions
 e - 2 potions of ambrosia {unknown}
 h - 3 potions of brilliance
 j - a potion of cure mutation {unknown}
 k - 2 potions of agility
 m - a potion of magic {unknown}
 v - 2 potions of curing {unknown}
 C - a potion of flight {unknown}
 I - a potion of might {unknown}
Books
 s - a book of Minor Magic

   Spells                             Type                      Level
   a - Magic Dart                     Conjuration                  1
   b - Blink                          Translocation                2
   c - Call Imp                       Summoning                    2
   d - Repel Missiles                 Charms/Air                   2
   e - Slow                           Hexes                        2
   f - Conjure Flame                  Conjuration/Fire             3
   g - Mephitic Cloud                 Conjuration/Poison/Air       3
 B - a book of Cantrips

   Spells                             Type                      Level
   a - Confusing Touch                Hexes                        1
   b - Animate Skeleton               Necromancy                   1
   c - Summon Small Mammal            Summoning                    1
   d - Apportation                    Translocation                1
 J - a book of Power

   Spells                             Type                      Level
   a - Fulminant Prism                Conjuration/Hexes            4
   b - Iskenderun's Mystic Blast      Conjuration                  4
   c - Venom Bolt                     Conjuration/Poison           5
   d - Bolt of Magma                  Conjuration/Fire/Earth       5
   e - Iron Shot                      Conjuration/Earth            6
   f - Orb of Destruction             Conjuration                  7
   g - Spellforged Servitor           Conjuration/Summoning        7
 P - a book of Necromancy

   Spells                             Type                      Level
   a - Pain                           Necromancy                   1
   b - Animate Skeleton               Necromancy                   1
   c - Vampiric Draining              Necromancy                   3
   d - Regeneration                   Charms/Necromancy            3
   e - Animate Dead                   Necromancy                   4
   f - Control Undead                 Necromancy                   4
 S - a book of Debilitation

   Spells                             Type                      Level
   a - Corona                         Hexes                        1
   b - Slow                           Hexes                        2
   c - Gell's Gravitas                Hexes/Translocation          3
   d - Inner Flame                    Hexes/Fire                   3
   e - Cause Fear                     Hexes                        4
   f - Leda's Liquefaction            Hexes/Earth                  4
Comestibles
 f - 11 bread rations
 i - 5 meat rations
 n - 11 beef jerkies
 p - 7 fruits
 K - 2 slices of pizza


   Skills:
 + Level 5.7 Fighting
 - Level 16.0 Polearms
 - Level 2.0 Throwing
 * Level 8.3 Armour
 + Level 9.5 Dodging


You had 10 spell levels left.
You didn't know any spells.

Dungeon Overview and Level Annotations

Branches:
Dungeon (11/15)            Temple (1/1) D:6            Lair (3/6) D:10
    Orc (0/2) D:9
  Swamp: Lair:2-4    Shoals: Lair:2-4     Snake: Lair:2-4    Spider: Lair:2-4

Altars:
Ashenzari
Cheibriados
Dithmenos
Elyvilon
Fedhas
Gozag
Hepliaklqana
Kikubaaqudgha
Makhleb
Nemelex Xobeh
Okawaru
Qazlal
Ru
Sif Muna
Trog
Uskayaw
Vehumet
Xom
Yredelemnul
Zin
The Shining One

Shops:
D:11 [

Annotations:
D:7 mamga's ghost, novice CeGl


Message History

The black mamba bites you!
* * * LOW HITPOINT WARNING * * *
You are lethally poisoned!
The black mamba poisons you!
Your plate armour prevents you from hitting the black mamba.
The black mamba is severely wounded.
* * * LOW HITPOINT WARNING * * *
You feel very sick. The wolf bites you but does no damage.
The black mamba bites you!
* * * LOW HITPOINT WARNING * * *
You barely miss the black mamba.
The black mamba is severely wounded.
* * * LOW HITPOINT WARNING * * *
You feel sick. The wolf bites you!
* * * LOW HITPOINT WARNING * * *
The black mamba bites you.
* * * LOW HITPOINT WARNING * * *
You are more poisoned.
The black mamba poisons you! The wolf bites you.
You die...

#..# #..#### ##
##..##P#####.#.
#..............
#..............
##......(......
#....h.........
#.....@........
##..#+S........
#.............
#.#...#.......
#.....#.......
#.....#.".....
#..P...........
#......#.......
##.#...#..


You could see a black mamba and a wolf.

Vanquished Creatures
  A hydra (Lair:2)
  A komodo dragon (Lair:1)
  Prince Ribbit (D:6)
  A spriggan (Lair:1)
  3 wraiths (D:10)
  A wyvern (D:9)
  14 yaks
  A naga (Lair:2)
  Purgy (D:3)
  3 orc warriors
  A porcupine (D:10)
  4 water moccasins
  A swamp drake (D:9)
  8 ogres
  2 phantoms
  3 sky beasts
  A black bear (D:10)
  2 necrophages
  3 ice beasts
  2 wolves (Lair:3)
  6 centaurs
  A crocodile (D:10)
  A big kobold (D:8)
  5 bullfrogs
  A gnoll sergeant (D:9)
  4 scorpions
  6 killer bees (D:9)
  6 wights
  3 howler monkeys
  6 crimson imps
  A human zombie (D:10)
  3 hounds
  A jelly (D:6)
  12 orc wizards
  5 orc priests
  3 bullfrog skeletons
  Terence (D:3)
  3 iguanas
  2 hell rats (D:10)
  4 worker ants
  An ogre zombie (D:10)
  2 mummies (D:10)
  A worker ant zombie (D:10)
  5 gnolls (D:8)
  A howler monkey skeleton (D:8)
  12 adders
  2 shadow imps
  3 worms
  4 dart slugs
  4 leopard geckos
  40 orcs
  7 giant cockroaches
  11 goblins
  10 hobgoblins
  8 jackals
  5 quokkas
  3 ball pythons
  2 bats
  5 frilled lizards
  A jackal skeleton (D:5)
  9 kobolds
  2 leopard gecko skeletons
  An orc zombie (D:10)
  2 quokka skeletons
  14 rats
283 creatures vanquished.

Vanquished Creatures (others)
  A wizard (D:8)
  An orc (D:9)
2 creatures vanquished.

Grand Total: 285 creatures vanquished

Notes
Turn   | Place    | Note
-------+----------+-------------------------------------------
     0 | D:1      | ChaseSP the Merfolk Gladiator began the quest for the Orb.
     0 | D:1      | Reached XP level 1. HP: 16/16 MP: 1/1
    69 | D:1      | Reached skill level 5 in Polearms
    72 | D:1      | Reached XP level 2. HP: 18/22 MP: 2/2
   400 | D:1      | Reached XP level 3. HP: 27/27 MP: 3/3
   521 | D:1      | Reached skill level 6 in Polearms
  1287 | D:2      | Reached XP level 4. HP: 32/33 MP: 4/4
  1345 | D:2      | Reached skill level 7 in Polearms
  2028 | D:3      | Reached skill level 8 in Polearms
  2089 | D:3      | Reached XP level 5. HP: 29/38 MP: 5/5
  2201 | D:3      | Noticed Terence
  2210 | D:3      | Killed Terence
  2221 | D:3      | Noticed Purgy
  2231 | D:3      | Killed Purgy
  2231 | D:3      | Reached skill level 9 in Polearms
  2231 | D:3      | Reached XP level 6. HP: 44/44 MP: 6/6
  2380 | D:3      | Reached skill level 10 in Polearms
  2902 | D:4      | Reached skill level 11 in Polearms
  2902 | D:4      | Reached XP level 7. HP: 45/50 MP: 7/7
  3653 | D:5      | Entered Level 5 of the Dungeon
  3671 | D:5      | Reached skill level 12 in Polearms
  3787 | D:5      | Reached XP level 8. HP: 44/56 MP: 8/8
  3810 | D:5      | Reached skill level 13 in Polearms
  3900 | D:5      | Got a twisted leather armour
  3901 | D:5      | Identified the +2 leather armour "Jisan" {rPois rF- MR++ Dex+2} (You found it on level 5 of the Dungeon)
  4152 | D:5      | You fall through a shaft for 2 floors!
  4176 | D:7      | Reached skill level 14 in Polearms
  4631 | D:5      | Reached skill level 15 in Polearms
  4993 | D:6      | Reached skill level 1 in Armour
  4993 | D:6      | Reached XP level 9. HP: 54/61 MP: 9/9
  5055 | D:6      | Noticed Prince Ribbit
  5083 | D:6      | Killed Prince Ribbit
  5083 | D:6      | Reached skill level 5 in Dodging
  5612 | D:6      | Found a staircase to the Ecumenical Temple.
  5619 | Temple   | Entered the Ecumenical Temple
  5653 | Temple   | Became a worshipper of Warmaster Okawaru
  5935 | D:7      | Noticed mamga's ghost (novice CeGl)
  6538 | D:8      | Found a bloodstained altar of Trog.
  6540 | D:8      | Noticed a wizard
  6545 | D:8      | Killed a wizard
  6697 | D:8      | Reached * piety under Okawaru
  6800 | D:9      | Reached skill level 5 in Armour
  6929 | D:9      | Reached XP level 10. HP: 67/67 MP: 10/10
  8649 | D:9      | Reached ** piety under Okawaru
  8817 | D:9      | Found a staircase to the Orcish Mines.
  8918 | D:10     | Entered Level 10 of the Dungeon
  9042 | D:11     | Found Jeoppo's Antique Armour Emporium.
  9042 | D:11     | Noticed a hill giant
  9334 | D:10     | Reached skill level 16 in Polearms
  9481 | D:10     | Found a basalt altar of Yredelemnul.
  9691 | D:10     | Reached *** piety under Okawaru
  9723 | D:10     | HP: 3/71 [yak (11)]
  9876 | D:10     | Found a staircase to the Lair.
 10130 | D:10     | Reached XP level 11. HP: 73/77 MP: 11/11
 10464 | D:10     | Noticed a hill giant
 10480 | Lair:1   | Entered Level 1 of the Lair of Beasts
 10550 | Lair:1   | Reached **** piety under Okawaru
 10692 | Lair:1   | Reached skill level 5 in Fighting
 10701 | Lair:1   | Noticed an eight-headed hydra
 10704 | Lair:1   | Noticed a seven-headed hydra
 11690 | Lair:2   | Noticed an eight-headed hydra
 11713 | Lair:2   | Killed an eight-headed hydra
 12102 | Lair:3   | HP: 3/81 [wolf (7)]
 12102 | Lair:3   | HP: 1/81 [black mamba (2)]
 12102 | Lair:3   | Slain by a wolf

Vault maps used:
D:1:      dpeg_arrival_court
D:2:      first_bread
D:3:      uniq_terence, uniq_purgy
D:6:      uniq_prince_ribbit1
D:8:      trog_wizard
D:9:      erik_orc_1, grunt_ogre_cave, grunt_ministairs_9
D:10:     dpeg_lair_monsters, grunt_ministairs_9,
          lemuel_mausoleum_altar_yredelemnul
D:11:     serial_shops, shop, shop, shop_fountains, nicolae_shop_trees,
          led_sif_book
Temple:   nicolae_temple_the_god_donut
Lair:1:   grunt_forest_large_clearing_hut, grunt_megastairs_3, uniq_joseph
Lair:2:   minmay_swamp_entry_reptiles, guppyfry_snake_entry_island,
          lemuel_fruit_fields, grunt_megastairs_1
Lair:3:   worms_lemuel

Skill      XL: |  1  2  3  4  5  6  7  8  9 10 11 |
---------------+----------------------------------+-----
Polearms       | 5 6 8 9 11 12 15 16 | 16.0
Armour         | 1 5 7 8 |  8.3
Dodging        | 7 8 9 |  9.5
Fighting       | 4 5 |  5.7
Throwing       | |  2.0

Action                   |  1- 3 |  4- 6 |  7- 9 | 10-12 || total
-------------------------+-------+-------+-------+-------++-------
Melee: Trident           |   144 |   125 |   539 |    94 ||   902
       Halberd           |       |       |       |   522 ||   522
       Punch             |       |       |       |     1 ||     1
Invok: Heroism           |       |       |       |     3 ||     3
  Use: Scroll            |     1 |     7 |     5 |     5 ||    18
       Potion            |       |     1 |     1 |     5 ||     7
  Eat: Chunk             |     1 |     5 |    36 |    16 ||    58
Armor: Leather armour    |    12 |       |       |       ||    12
       Ring mail         |    17 |    18 |    11 |       ||    46
       Chain mail        |       |       |    33 |       ||    33
       Plate armour      |       |       |   104 |   242 ||   346
Dodge: Dodged            |    80 |    39 |   166 |   262 ||   547
